AoeStats
← HR Pinkman

Lombardia

509459344Analyzed
4v4 RM · 4d ago on Sep 26, 2026· 24m 7s· 8 players
Game mode
Random Map
Map size
Large (8 player)
Population
200
Speed
Normal
Resources
Standard
Victory
Conquest
Starting age
Dark Age
Ending age
Imperial Age
RankedLock teamsTeams togetherTeam positionsShared explorationLock speedFull tech treeHidden civsTurbo modeCheats
Victory
Defeat
🇨🇦 Inca · Canada
1935
+11
🇨🇦 Gurjaras · Canada
1925
+11
🇺🇸 Bohemians · United States
1905
+12
🇦🇷 Byzantines · Argentina
1884
+13
🇨🇱 Mapuche · Chile
1893
-14
🇨🇱 Hindustanis · Chile
1892
-14
1788
-11
🇨🇱 Bengalis · Chile
1717
-8
mentalist_
9:09 Feudal Age
8:31 Loom
10:13 Double-Bit Axe
13:04 Horse Collar
15:19 Wheelbarrow
16:45 Forging
21:10 Castle Age
19:37 Scale Barding Armor
21:38 Gold Mining
21:22 Light Cavalry
22:04 Husbandry
22:55 Iron Casting
22:34 Bow Saw
IamChristopher
5:58 Loom
8:44 Feudal Age
9:59 Double-Bit Axe
15:01 Fletching
21:41 Castle Age
20:07 Horse Collar
20:18 Gold Mining
22:17 Bodkin Arrow
21:43 Crossbowman
22:35 Bow Saw
Kilroy
8:42 Loom
10:43 Feudal Age
14:38 Castle Age
12:33 Double-Bit Axe
13:00 Horse Collar
15:34 Bow Saw
23:45 Wheelbarrow
Gary_zZ
8:48 Loom
12:04 Feudal Age
12:43 Double-Bit Axe
15:33 Castle Age
13:31 Horse Collar
15:52 Scale Barding Armor
16:41 Bow Saw
16:43 Husbandry
18:05 Wheelbarrow
23:04 Gold Mining
24:02 Forging
HR Fast_PIG
8:36 Loom
11:03 Feudal Age
11:55 Double-Bit Axe
17:13 Castle Age
16:39 Gold Mining
17:37 Scale Barding Armor
17:43 Forging
17:59 Husbandry
18:40 Bloodlines
24:05 Chain Barding Armor
HR Whitecourt
8:24 Loom
11:21 Feudal Age
14:57 Castle Age
12:53 Double-Bit Axe
14:14 Fletching
15:34 Bodkin Arrow
15:51 Bow Saw
16:42 Town Watch
19:39 Padded Archer Armor
20:22 Horse Collar
RH Peruano hijo del PikoLein
5:56 Loom
8:28 Feudal Age
7:03 Double-Bit Axe
7:23 Horse Collar
9:02 Horse Collar
15:41 Bow Saw
16:59 Wheelbarrow
16:44 Gold Mining
19:32 Castle Age
17:45 Heavy Plow
19:16 Scale Barding Armor
19:21 Forging
19:49 Gold Shaft Mining
20:54 Crop Rotation
21:24 Two-Man Saw
HR Pinkman
8:18 Feudal Age
6:33 Loom
9:05 Double-Bit Axe
10:07 Horse Collar
20:11 Castle Age
21:34 Wheelbarrow
21:10 Bow Saw
Connection lost

Rejoining the realm…

Still unreachable

The connection could not be restored.

Session expired

The server has moved on; the page needs a fresh start.